 Dungeon Crawl Stone Soup version 0.20.1-1-g8b1a95d (webtiles) character file.

3838 renl the Carver (level 9, 0/68 HPs)
             Began as a Demonspawn Fighter on July 18, 2017.
             Was an Initiate of Qazlal.
             Killed from afar by Erica (26 damage)
             ... with an orb of energy
             ... on level 8 of the Dungeon.
             The game lasted 00:29:22 (8293 turns).

renl the Carver (Demonspawn Fighter)                Turns: 8293, Time: 00:29:25

Health: 0/68       AC: 22    Str: 19    XL:     9   Next: 98%
Magic:  10/10      EV:  9    Int:  9    God:    Qazlal [......]
Gold:   108        SH:  0    Dex: 14    Spells: 8/8 levels left

rFire    + + +     SeeInvis .   B - +0 triple sword (protect)
rCold    . . .     Gourm    .   (shield currently unavailable)
rNeg     . . .     Faith    .   w - +0 chain mail
rPois    .         Spirit   .   (helmet restricted)
rElec    .         Reflect  .   r - +2 cloak
rCorr    .         Harm     .   (no gloves)
MR       .....     Rnd*Rage +   t - +0 pair of boots
Stlth    ..........             (no amulet)
Regen    0.3/turn               p - ring of protection from fire
MPRegen  0.2/turn               A - ring of stealth

@: protection aura
A: horns 2, berserk 1, fire resistance 2, flame cloud immunity
a: Renounce Religion


You were on level 8 of the Dungeon.
You worshipped Qazlal.
Qazlal was noncommittal.
You were not hungry.

You visited 2 branches of the dungeon, and saw 9 of its levels.

You collected 433 gold pieces.
You spent 325 gold pieces at shops.

Inventory:

Hand Weapons
 a - a +0 long sword
 B - a +0 triple sword of protection (weapon)
Missiles
 v - 2 tomahawks (quivered)
 x - 2 steel javelins
Armour
 l - a +0 large shield
 r - a +2 cloak (worn)
 t - a +0 pair of boots (worn)
 w - a +0 chain mail (worn)
Jewellery
 p - a ring of protection from fire (left hand)
 A - a ring of stealth (right hand)
Wands
 s - a wand of flame (6/48)
Scrolls
 b - a scroll of enchant weapon {unknown}
 i - 4 scrolls of amnesia
 j - 2 scrolls of random uselessness {unknown}
 m - 2 scrolls of remove curse
 u - a scroll of fog {unknown}
 y - a scroll of teleportation {unknown}
 G - a scroll of recharging {unknown}
Potions
 d - a potion of berserk rage
 e - a potion of cancellation
 g - 4 potions of flight
 h - a potion of ambrosia
 n - a potion of magic {unknown}
 o - 3 potions of curing
 q - 3 potions of lignification
 z - a potion of degeneration {unknown}
 C - a potion of heal wounds {unknown}
 D - a potion of agility {unknown}
 H - a potion of haste {unknown}
Books
 E - a book of Necromancy

   Spells                             Type                      Level
   a - Pain                           Necromancy                   1
   b - Animate Skeleton               Necromancy                   1
   c - Vampiric Draining              Necromancy                   3
   d - Regeneration                   Charms/Necromancy            3
   e - Animate Dead                   Necromancy                   4
   f - Control Undead                 Necromancy                   4
 F - a book of Maledictions

   Spells                             Type                      Level
   a - Corona                         Hexes                        1
   b - Ensorcelled Hibernation        Hexes/Ice                    2
   c - Confuse                        Hexes                        3
   d - Tukima's Dance                 Hexes                        3
   e - Dazzling Spray                 Conjuration/Hexes            3
Comestibles
 c - 5 fruits
 f - 5 bread rations
 k - 7 royal jellies
 I - 9 chunks of flesh
 J - a meat ration


   Skills:
 + Level 5.5 Fighting
 + Level 8.1 Long Blades
 + Level 6.6 Armour
 + Level 3.0 Dodging
 + Level 6.8 Shields
 * Level 2.4 Invocations
 + Level 0.8 Evocations


You had 8 spell levels left.
You didn't know any spells.

Dungeon Overview and Level Annotations

Branches:
Dungeon (8/15)             Temple (1/1) D:7
   Lair: D:8-11

Altars:
Ashenzari
Cheibriados
Dithmenos
Elyvilon
Fedhas
Gozag
Hepliaklqana
Kikubaaqudgha
Makhleb
Nemelex Xobeh
Okawaru
Qazlal
Ru
Sif Muna
Trog
Uskayaw
Vehumet
Xom
Yredelemnul
Zin
The Shining One

Shops:
D:4 (   D:6 =(:

Annotations:
D:8 Erica


Innate Abilities, Weirdness & Mutations

You have a pair of horns on your head.
Your flesh is very heat resistant. (rF++)
You are immune to clouds of flame.
You tend to lose your temper in combat.


Message History

You barely miss something. Something hits you but does no damage.
You miss something. Something hits you.
You hit something but do no damage.
Your weapon exudes an aura of protection.
Something hits you but does no damage.
You hear some strange, mumbled words.
An orb of energy appears from out of thin air!
The orb of energy hits you!
The orb of energy explodes!
You closely miss something. You headbutt something!
Something hits you but does no damage.
You miss something.
You hear some strange, mumbled words.
Something tries to affect you, but you resist.
You slice something!!
Your weapon exudes an aura of protection.
You headbutt something! Something hits you but does no damage.
You hear some strange, mumbled words.
An orb of energy appears from out of thin air!
The orb of energy hits you!
You die...

..#.## #..#..#
>.....# ###
....... ..
..... #. ...#
#.#...#
#####.@...#
#.....{...#
#.###..#......
#..##.#..#
#..# .# ..
.... # # .....
....### .....


There were no monsters in sight!

Vanquished Creatures
  Pikel (D:4)
  Eustachio (D:6)
  Sigmund (D:6)
  A human (D:7)
  3 hogs (D:7)
  A yak (D:7)
  Menkaure (D:6)
  A steam dragon (D:7)
  3 ice beasts
  3 sky beasts
  A phantom (D:5)
  An ogre (D:6)
  3 centaurs
  A big kobold (D:6)
  3 bullfrogs
  2 gnoll sergeants
  2 scorpions (D:4)
  3 crimson imps
  A bullfrog zombie (D:5)
  4 hounds
  2 orc wizards
  5 worker ants
  A howler monkey zombie (D:5)
  8 gnolls
  15 adders
  A shadow imp (D:7)
  2 adder zombies (D:7)
  3 worms
  2 dart slugs
  7 leopard geckos
  14 orcs
  5 giant cockroaches
  4 goblins
  6 hobgoblins
  5 jackals
  2 quokkas
  4 bats
  8 frilled lizards
  A jackal zombie (D:6)
  13 kobolds
  A quokka zombie (D:4)
  8 rats
154 creatures vanquished.

Notes
Turn   | Place    | Note
-------+----------+-------------------------------------------
     0 | D:1      | renl the Demonspawn Fighter began the quest for the Orb.
     0 | D:1      | Reached XP level 1. HP: 18/18 MP: 1/1
   125 | D:1      | Reached skill level 2 in Long Blades
   182 | D:1      | Gained mutation: Your flesh is heat resistant. (rF+) [demonic ancestry]
   182 | D:1      | Reached XP level 2. HP: 8/24 MP: 2/2
   848 | D:2      | Gained mutation: You have a pair of small horns on your head. [demonic ancestry]
   848 | D:2      | Reached XP level 3. HP: 20/29 MP: 3/3
  1339 | D:2      | Reached XP level 4. HP: 8/35 MP: 4/4
  1663 | D:2      | Reached skill level 3 in Long Blades
  2159 | D:2      | You fall through a shaft!
  2497 | D:3      | Reached XP level 5. HP: 41/41 MP: 5/5
  2883 | D:3      | Reached skill level 1 in Dodging
  3221 | D:4      | Found Amehuut's Weapon Shoppe.
  3350 | D:4      | Gained mutation: You are immune to clouds of flame. [demonic ancestry]
  3350 | D:4      | Reached XP level 6. HP: 42/47 MP: 6/6
  3423 | D:4      | Reached skill level 4 in Long Blades
  4108 | D:4      | Noticed a slave
  4108 | D:4      | Noticed a slave
  4108 | D:4      | Noticed a slave
  4108 | D:4      | Noticed a slave
  4109 | D:4      | Noticed Pikel
  4131 | D:4      | Killed Pikel
  4131 | D:4      | Reached skill level 5 in Long Blades
  4131 | D:4      | Reached XP level 7. HP: 11/54 MP: 7/7
  4431 | D:5      | Entered Level 5 of the Dungeon
  4479 | D:5      | Reached skill level 5 in Armour
  4479 | D:5      | Reached XP level 8. HP: 52/60 MP: 8/8
  4948 | D:5      | Reached skill level 5 in Shields
  5291 | D:5      | Reached skill level 6 in Long Blades
  5865 | D:6      | Noticed Menkaure
  5874 | D:6      | Killed Menkaure
  6129 | D:6      | Noticed Eustachio
  6285 | D:6      | Killed Eustachio
  6285 | D:6      | Gained mutation: You have a pair of horns on your head. [demonic ancestry]
  6285 | D:6      | Reached XP level 9. HP: 7/66 MP: 1/9
  6738 | D:6      | Gained mutation: You tend to lose your temper in combat. [potion of mutation]
  6738 | D:6      | Gained mutation: Your body sometimes deteriorates upon taking damage. [potion of mutation]
  6738 | D:6      | Gained mutation: Scrolls take you a little longer to read. [potion of mutation]
  6738 | D:6      | Gained mutation: You are somewhat resistant to further mutation. [potion of mutation]
  6739 | D:6      | Lost mutation: Scrolls take you a little longer to read. [potion of mutation]
  6739 | D:6      | Lost mutation: Your body sometimes deteriorates upon taking damage. [potion of mutation]
  6739 | D:6      | Lost mutation: You are somewhat resistant to further mutation. [potion of mutation]
  6739 | D:6      | Gained mutation: Your flesh is very heat resistant. (rF++) [potion of mutation]
  6787 | D:6      | Found Horuorej's Jewellery Shoppe.
  6915 | D:6      | Found Ocihug's Antique Weapon Emporium.
  6923 | D:6      | Bought a runed triple sword for 325 gold pieces
  6984 | D:6      | Found Afapen's Book Emporium.
  7089 | D:6      | Noticed Sigmund
  7101 | D:6      | Killed Sigmund
  7306 | D:7      | Found a shimmering altar of Xom.
  7308 | D:7      | Found a snail-covered altar of Cheibriados.
  7308 | D:7      | Found a shadowy altar of Dithmenos.
  7311 | D:7      | Found a bloodstained altar of Trog.
  7311 | D:7      | Found a bloodstained altar of Trog.
  7311 | D:7      | Found a deep blue altar of Sif Muna.
  7523 | D:7      | Reached skill level 5 in Fighting
  7523 | D:7      | Reached skill level 7 in Long Blades
  7557 | D:7      | Found a staircase to the Ecumenical Temple.
  7647 | Temple   | Entered the Ecumenical Temple
  7807 | Temple   | Became a worshipper of Qazlal Stormbringer
  8038 | D:7      | Reached skill level 1 in Invocations
  8044 | D:7      | Reached skill level 8 in Long Blades
  8275 | D:8      | Noticed Erica
  8293 | D:8      | Killed from afar by Erica

Skill      XL: |  1  2  3  4  5  6  7  8  9 |
---------------+----------------------------+-----
Long Blades    | 2 3 5 6 8 |  8.1
Armour         | 3 4 5 6 |  6.6
Shields        | 3 4 6 |  6.8
Dodging        | 1 2 3 |  3.0
Fighting       | 4 5 |  5.5
Invocations    | 2 |  2.4
Evocations     | |  0.8

Action                   |  1- 3 |  4- 6 |  7- 9 || total
-------------------------+-------+-------+-------++-------
Melee: Long sword        |   125 |   228 |   272 ||   625
       Headbutt          |     8 |    45 |    81 ||   134
       Triple sword      |       |       |    81 ||    81
Throw: Tomahawk          |       |    15 |    24 ||    39
       Javelin           |       |       |     2 ||     2
Evoke: Wand              |       |       |     5 ||     5
  Use: Scroll            |       |     5 |     5 ||    10
       Potion            |       |     1 |     2 ||     3
  Eat: Chunk             |     1 |    10 |    14 ||    25
Armor: Scale mail        |    47 |    73 |       ||   120
       Chain mail        |       |    36 |   290 ||   326
Dodge: Dodged            |    19 |    30 |   106 ||   155
Block: Shield            |    42 |       |       ||    42
       Large shield      |    35 |   171 |   335 ||   541
       Rpst.: Long sword |     1 |    10 |    21 ||    32
       Triple sword      |       |       |    20 ||    20
